 Dungeon Crawl Stone Soup version 0.28-a0-1429-gf3d713df7a (webtiles) character file.

Game seed: 9675369466842812780

1062 HallandMoats the Shield-Bearer (level 8, -2/94 HPs)
             Began as a Formicid Fighter on Jan 9, 2022.
             Slain by Edmund (6 damage)
             ... on level 5 of the Dungeon.
             The game lasted 00:05:24 (6477 turns).

HallandMoats the Shield-Bearer (Formicid Fighter)   Turns: 6477, Time: 00:05:24

Health: -2/94      AC: 24    Str: 20 (21) XL:     8   Next: 52%
Magic:  8/8        EV:  2    Int:  5 (8)  God:
Gold:   261        SH:  5    Dex: 10 (12) Spells: 7/7 levels left

rFire   . . .      SeeInvis .   a - +0 hand axe (vorpal)
rCold   . . .      Faith    .   c - +0 buckler
rNeg    . . .      Spirit   .   (armour currently unavailable)
rPois   +          Reflect  .   (helmet unavailable)
rElec   .          Harm     .   (cloak currently unavailable)
rCorr   .          Rampage  .   (gloves currently unavailable)
Will    .....                   (boots currently unavailable)
Stlth   +.........              (no amulet)
HPRegen 0.25/turn               (no ring)
MPRegen 0.11/turn               (no ring)

@: tree-form
A: stationary, stasis, torment immunity, boosted hp, permanent stasis, dig
shafts and tunnels, (antennae 3), four strong arms
a: no special abilities


You were on level 5 of the Dungeon.
You were a tree.
You visited 1 branch of the dungeon, and saw 6 of its levels.

You collected 261 gold pieces.

Inventory:

Hand Weapons
 a - a +0 vorpal hand axe (weapon)
Armour
 b - a +0 scale mail (melded)
 c - a +0 buckler (worn)
Wands
 s - a wand of paralysis (13)
Scrolls
 d - a scroll of fear {unknown}
 e - 2 scrolls of enchant weapon {unknown}
 f - 2 scrolls of enchant armour {unknown}
 g - 3 scrolls of blinking {unknown}
 i - a scroll of identify {unknown}
 j - a scroll of teleportation {unknown}
 k - 3 scrolls of amnesia {unknown}
 m - a scroll of vulnerability {unknown}
 o - a scroll of brand weapon {unknown}
 p - a scroll of fog {unknown}
 q - a scroll of noise {unknown}
 r - a scroll of torment {unknown}


   Skills:
 + Level 5.6 Fighting
 + Level 4.5 Axes
 + Level 5.7 Armour
 + Level 3.5 Dodging
 + Level 6.2 Shields


You had 7 spell levels left.
You didn't know any spells.
Your spell library contained the following spells:

 Spells                   Type           Power      Damage    Failure   Level
 Beastly Appendage        Tmut           0%         N/A       54%         1
 Wereblood                Tmut           0%         N/A       67%         2
 Ignite Poison            Fire/Tmut/Pois 0%         N/A       88%         3
 Ozocubu's Armour         Ice            0%         N/A       88%         3
 Spider Form              Tmut/Pois      0%         N/A       88%         3
 Stone Arrow              Conj/Erth      0%         3d7       88%         3
 Animate Armour           Summ/Erth      0%         N/A       99%         4
 Metabolic Englaciation   Hex/Ice        0%         N/A       100%        5
 Simulacrum               Ice/Necr       0%         N/A       100%        6
 Dragon Form              Tmut           0%         N/A       100%        7
 Lehudib's Crystal Spear  Conj/Erth      0%         10d2      100%        8


Dungeon Overview and Level Annotations

Branches:
Dungeon (6/15)
 Temple: D:4-7

Altars:

Annotations:
D:4 2 runed translucent doors, ASSMAN's ghost, novice DjBe
D:5 Edmund


Innate Abilities, Weirdness & Mutations

You are a tree.
Your roots penetrate the ground, keeping you stationary.
You cannot be teleported.
You are immune to unholy pain and torment.
Your maximum health is greatly increased.
Your equipment is partially melded.
You cannot be hasted, slowed, berserked, paralysed or teleported.
You can dig through walls and to a lower floor.
((You have a pair of large antennae on your head. (SInv)))
Your four strong arms can wield two-handed weapons with a shield.


Message History

Items here: )) ††.
Edmund the Younger comes into view.
He is wielding a +5 vorpal dire flail.
Edmund shouts!
You hear a shout!
Edmund says, "I'm quite good with sums, too."
Okay, then.
You hit Edmund but do no damage.
Edmund hits you with a +5 vorpal dire flail.
You hit Edmund.
Edmund is lightly wounded.
You block Edmund's attack.
You slash Edmund!
Edmund is moderately wounded.
Edmund hits you with a +5 vorpal dire flail!
You hit Edmund.
Edmund is heavily wounded.
Edmund hits you with a +5 vorpal dire flail!
You closely miss Edmund.
Edmund is heavily wounded.
Edmund hits you with a +5 vorpal dire flail.
You closely miss Edmund.
Edmund is heavily wounded.
Edmund hits you with a +5 vorpal dire flail!
* * * LOW HITPOINT WARNING * * *
x2 It was a potion of magic.
Magic courses through your body.
Edmund hits you with a +5 vorpal dire flail.
* * * LOW HITPOINT WARNING * * *
x2 It was a potion of degeneration.
There was something very wrong with that liquid.
You feel weakened.
You feel dopey.
You feel clumsy. Edmund barely misses you.
It was a potion of lignification.
You turn into a tree.
Your +0 scale mail melds into your body.
Your roots penetrate the ground.
Edmund hits you with a +5 vorpal dire flail.
* * * LOW HITPOINT WARNING * * *
x2 You cannot move.
You hit Edmund but do no damage.
Edmund is heavily wounded.
Edmund hits you with a +5 vorpal dire flail.
You die...

..### ..$..# ......###
........## ##
.........## ###.
..........# ####...
.........##
######...###
......@♣..###.#...####
....$......#...####
.......##.......##
.o..... #........##
{.....####)#.......##
. ..### ##>##........#
..### ##.####.......##
.....####>.#
#........#
#.........##
##.......#


You could see Edmund and an orc.

Vanquished Creatures
  Eustachio (D:4)
  A water moccasin (D:4)
  An ogre (D:5)
  A centaur (D:5)
  2 scorpions
  4 orc priests
  2 jellies (D:5)
  2 hounds
  A centaur skeleton (D:3)
  2 orc wizards
  3 iguanas
  7 adders
  An adder skeleton (D:4)
  A worm (D:3)
  3 dart slugs
  5 orcs
  8 ball pythons
  11 endoplasms
  2 giant cockroaches (D:2)
  8 goblins
  5 hobgoblins
  2 jackals (D:2)
  9 kobolds
  3 quokkas
  4 bats
  6 frilled lizards
  11 rats
106 creatures vanquished.

Notes
Turn   | Place    | Note
-------+----------+-------------------------------------------
     0 | D:1      | HallandMoats the Formicid Fighter began the quest for the
                  | Orb.
     0 | D:1      | Reached XP level 1. HP: 18/18 MP: 1/1
    32 | D:1      | Reached XP level 2. HP: 13/24 MP: 2/2
   524 | D:1      | Reached XP level 3. HP: 18/29 MP: 3/3
   780 | D:1      | Reached skill level 4 in Shields
   799 | D:1      | Found a faded altar of an unknown god.
  1080 | D:2      | Reached skill level 1 in Dodging
  1245 | D:2      | Reached XP level 4. HP: 37/37 MP: 4/4
  1675 | D:2      | Reached XP level 5. HP: 20/42 MP: 5/5
  2402 | D:3      | Got Sif Muna's Handbook of Evil and Transmigration
  2441 | D:3      | HP: 2/42 [quokka (3)]
  2761 | D:3      | Reached XP level 6. HP: 40/48 MP: 6/6
  3807 | D:4      | Found a large runed translucent door.
  3807 | D:4      | Found a large runed translucent door.
  3812 | D:4      | Noticed ASSMAN's ghost (novice DjBe)
  3844 | D:4      | Noticed Eustachio
  3859 | D:4      | Killed Eustachio
  3860 | D:4      | Reached skill level 5 in Shields
  3860 | D:4      | Reached XP level 7. HP: 3/55 MP: 7/7
  4922 | D:5      | Entered Level 5 of the Dungeon
  4922 | D:5      | Noticed a water moccasin
  4934 | D:4      | Killed a water moccasin
  4935 | D:4      | Reached skill level 5 in Fighting
  4935 | D:4      | Reached skill level 5 in Armour
  5414 | D:5      | Reached XP level 8. HP: 39/62 MP: 8/8
  5696 | D:5      | Reached skill level 6 in Shields
  6465 | D:5      | Noticed Edmund
  6476 | D:5      | HP: 4/94 [Edmund (1)]
  6477 | D:5      | Slain by Edmund

Illustrated notes

Levels and vault maps discovered:
D:1:      giann_forest_graveyard, layout_loops_ring,
          shapermc_ecumenical_altar_ellora
D:2:      layout_basic
D:3:      layout_basic
D:4:      layout_basic, ebering_ghost_disaster_area,
          chequers_serial_rivers_micro_c, uniq_eustachio
D:5:      layout_cave_pods, nemelex_diamond_rough_becter,
          kennysheep_generic_room_6, uniq_edmund
D:6:      lemuel_ice_spiral_2, layout_basic, temple_fountains, minivault_27,
          uniq_crazy_yiuf_cottage

Skill      XL: |  1  2  3  4  5  6  7  8 |
---------------+-------------------------+-----
Shields        | 4 5 6 |  6.2
Dodging        | 1 2 3 |  3.5
Fighting       | 4 5 |  5.6
Armour         | 4 5 |  5.7
Axes           | 3 4 |  4.5

Action                   |  1- 3 |  4- 6 |  7- 9 || total
-------------------------+-------+-------+-------++-------
Melee: War axe           |    75 |   168 |    18 ||   261
       Hand axe          |       |       |    99 ||    99
  Use: Potion            |       |     1 |     4 ||     5
Armor: Scale mail        |    38 |   125 |    43 ||   206
Dodge: Dodged            |    46 |   112 |    42 ||   200
Block: Buckler           |    17 |    51 |    26 ||    94

Table legend: (Time is in decaauts)
 A = Elapsed time spent in this place.
 B = Non-inter-level travel time spent in this place.
 C = Inter-level travel time spent in this place.
 D = Time resting spent in this place.
 E = Time spent auto-exploring this place.
 F = Levels seen in this place.
 G = Mean time per level.
                   A        B        C        D        E       F      G
               +--------+--------+--------+--------+--------+-----+--------+
         Total |   6594 |   6498 |     96 |   1070 |   4507 |   6 | 1099.0 |
       Dungeon |   6594 |   6498 |     96 |   1070 |   4507 |   6 | 1099.0 |
               +--------+--------+--------+--------+--------+-----+--------+

Top non-repeatable levels by time:
     D:2: 1413 daAuts
     D:4: 1331 daAuts
     D:3: 1207 daAuts
     D:1: 1091 daAuts
     D:5: 1031 daAuts
     D:6: 519 daAuts
